 Dungeon Sprint DCSS version 0.30-a0-913-g9934a0ce24 (webtiles) character file.

Game seed: 16224769209914687513

199 octoduck the Carver (level 5, -1/38 HPs)
             Began as a Merfolk Gladiator on Mar 20, 2023.
             Was an Initiate of Dithmenos.
             Succumbed to a spriggan's poison
             ... in the Dungeon (Sprint IV: "Fedhas' Mad Dash").
             The game lasted 00:04:01 (339 turns).

octoduck the Carver (Merfolk Gladiator)              Turns: 339, Time: 00:04:02

Health: -1/38      AC:  4    Str: 15    XL:     5   Next: 77%
Magic:  5/5        EV: 18    Int:  7    God:    Dithmenos [......]
Gold:   85         SH:  0    Dex: 17    Spells: 4/4 levels left

rFire   . . .      SeeInvis .    a - +0 long sword
rCold   . . .      Faith    .    (no shield)
rNeg    . . .      Spirit   .    b - +0 leather armour
rPois   .          Reflect  .    c - +0 helmet
rElec   .          Rampage  .    (no cloak)
rCorr   .          NoTele   +    (no gloves)
Will    .....                    (no boots)
Stlth   +                        j - amulet of invisibility {+Inv}
HPRegen 0.26/turn                (no ring)
MPRegen 0.09/turn                (no ring)

@: lethally poisoned (-1 -> -24), hasted, very quick
A: (nimble swimmer 2), mertail
a: Renounce Religion, Evoke Invisibility


You were in the Dungeon.
You worshipped Dithmenos.
Dithmenos was noncommittal.
You visited 1 branch You collected 85 gold pieces.

Inventory:

Hand Weapons
 a - a +0 long sword (weapon)
Missiles
 d - 2 throwing nets (quivered)
 e - a javelin
Armour
 b - a +0 leather armour (worn)
 c - a +0 helmet (worn)
Jewellery
 g - an amulet of reflection
 j - the amulet of invisibility (around neck) {+Inv}
   (You found it in the Dungeon)

   [amulet of nothing]

   +Inv:      It lets you turn invisible.
Scrolls
 l - a scroll of vulnerability {unknown}
Potions
 i - 2 potions of magic


   Skills:
 - Level 2.1 Fighting
 + Level 10.8 Long Blades
 - Level 2.0 Throwing
 + Level 10.7 Dodging


You had 4 spell levels left.
You didn't know any spells.
Your spell library was empty.

Dungeon Overview and Level Annotations

Branches:
Dungeon (1/1)

Altars:
Cheibriados
Dithmenos
Elyvilon
Gozag
Hepliaklqana
Kikubaaqudgha
Makhleb
Nemelex Xobeh
Okawaru
Qazlal
Ru
Sif Muna
Trog
Uskayaw
Vehumet
Wu Jian
Xom
Yredelemnul
Zin
The Shining One
Jiyva
Lugonu


Innate Abilities, Weirdness & Mutations

((You are very nimble when in or above water. (Stealth+, EV+, Speed+++)))
Your lower body shifts to a powerful aquatic tail in water.


Message History

You aren't carrying any items that you can evoke.
Blink to where?
Press: ? - help, Dir - move target
As you read the scroll of blinking, it crumbles to dust.
You aren't carrying any items that you can evoke.
Throw: 3 throwing nets
Press: ? - help, Shift-Dir - straight line, f - spriggan
Aim: a spriggan, wielding a +2 dagger of venom and wearing a +0 robe (lightly wounded, 34% to hit)
You throw a throwing net.
The throwing net completely misses the spriggan.
You barely miss the spriggan.
The spriggan is lightly wounded.
The spriggan hits you with a +2 dagger of venom.
You are poisoned.
You miss the spriggan.
The spriggan is lightly wounded.
You feel sick. The spriggan barely misses you.
You miss the spriggan.
The spriggan is lightly wounded.
You feel sick.
You miss the spriggan.
The spriggan is lightly wounded.
You feel sick. The spriggan barely misses you.
You hit the spriggan but do no damage.
The spriggan is lightly wounded.
You feel sick.
You hit the spriggan but do no damage.
The spriggan is lightly wounded.
Okay, then.
Okay, then.
You closely miss the spriggan.
The spriggan is lightly wounded.
You feel sick.
The spriggan hits you with a +2 dagger of venom!
* * * LOW HITPOINT WARNING * * *
You are more poisoned.
The spriggan closely misses you.
You hit the spriggan.
The spriggan is moderately wounded.
You die...

#########################
...#.⌠._._._._.⌠.#..'$..#
)..'.._._._._._.@is(#
...#..._._._._..i#..#
#'##.._._._._._..#..#
...#._._._._._.⌠.####
...############### ####


You could see 2 spriggans and a scorpion.

Vanquished Creatures
  A scorpion (D)
  4 oklob saplings (D)
  A river rat (D)
  A rat (D)
7 creatures vanquished.

Notes
Turn   | Place    | Note
-------+----------+-------------------------------------------
     0 | D        | octoduck the Merfolk Gladiator began the quest for the Orb.
     0 | D        | Reached XP level 1. HP: 16/16 MP: 1/1
    10 | D        | Reached skill level 5 in Long Blades
    10 | D        | Reached skill level 5 in Dodging
    10 | D        | Reached XP level 2. HP: 16/22 MP: 2/2
    35 | D        | Noticed an oklob sapling
    39 | D        | Killed an oklob sapling
    40 | D        | Reached XP level 3. HP: 27/27 MP: 3/3
    82 | D        | Noticed a scorpion
    82 | D        | Found the amulet of invisibility {+Inv}
    93 | D        | Killed a scorpion
    94 | D        | Reached XP level 4. HP: 25/33 MP: 4/4
   131 | D        | Found an opulent altar of Gozag.
   131 | D        | Found a hazy altar of Hepliaklqana.
   131 | D        | Found a snail-covered altar of Cheibriados.
   132 | D        | Found a viscous altar of Jiyva.
   132 | D        | Found a burning altar of Makhleb.
   132 | D        | Found a sparkling altar of Nemelex Xobeh.
   132 | D        | Found a sacrificial altar of Ru.
   132 | D        | Found a shimmering blue altar of Sif Muna.
   132 | D        | Found a bloodstained altar of Trog.
   132 | D        | Found an ornate altar of the Wu Jian Council.
   132 | D        | Found a shimmering altar of Xom.
   132 | D        | Found a basalt altar of Yredelemnul.
   132 | D        | Noticed an oklob sapling priest
   143 | D        | Reached XP level 5. HP: 38/38 MP: 5/5
   173 | D        | Found an iron altar of Okawaru.
   173 | D        | Found a glowing silver altar of Zin.
   173 | D        | Found a shadowy altar of Dithmenos.
   174 | D        | Found a hide-covered altar of Uskayaw.
   174 | D        | Found an ancient bone altar of Kikubaaqudgha.
   175 | D        | Found a stormy altar of Qazlal.
   175 | D        | Found a glowing golden altar of the Shining One.
   175 | D        | Found a white marble altar of Elyvilon.
   176 | D        | Found a radiant altar of Vehumet.
   176 | D        | Found a corrupted altar of Lugonu.
   188 | D        | Reached skill level 10 in Long Blades
   188 | D        | Reached skill level 10 in Dodging
   285 | D        | Became a worshipper of Dithmenos the Shadowed
   339 | D        | Succumbed to a spriggan's poison

Illustrated notes

Levels and vault maps discovered:
D:        dungeon_sprint_fedhas [sprint_temple]

Skill      XL: |  1  2  3  4  5 |
---------------+----------------+-----
Long Blades    | 5 6 8 9 10 | 10.8
Dodging        | 5 7 8 9 10 | 10.7
Fighting       | |  2.1
Throwing       | |  2.0

Action                     |  1- 3 |  4- 6 || total
---------------------------+-------+-------++-------
  Melee: Long sword        |    15 |    29 ||    44
  Throw: Throwing net      |       |     1 ||     1
Ability: Evoke Invisibilit |       |     3 ||     3
    Use: Potion            |     1 |     3 ||     4
         Scroll            |       |     1 ||     1
   Stab: Invisible         |       |     4 ||     4
 Armour: Leather armour    |     2 |       ||     2
  Dodge: Dodged            |     8 |     6 ||    14

Table legend: (Time is in decaauts)
 A = Elapsed time spent in this place.
 B = Non-inter-level travel time spent in this place.
 C = Inter-level travel time spent in this place.
 D = Time resting spent in this place.
 E = Time spent auto-exploring this place.
 F = Levels seen in this place.
 G = Mean time per level.
                   A        B        C        D        E       F      G
               +--------+--------+--------+--------+--------+-----+--------+
         Total |    345 |    345 |      0 |    164 |      0 |   1 |  345.0 |
       Dungeon |    345 |    345 |      0 |    164 |      0 |   1 |  345.0 |
               +--------+--------+--------+--------+--------+-----+--------+

Top non-repeatable levels by time:
       D: 345 daAuts
